 Dungeon Crawl Stone Soup version 0.27-b1-2-g8387495791 (webtiles) character file.

Game seed: 10576413105759856646

115 pikapanic the Chopper (level 4, -1/33 HPs)
             Began as a Demonspawn Gladiator on July 26, 2021.
             Killed by nerve-wracking pain
             ... invoked by Menkaure
              (9 damage)
             ... on level 5 of the Dungeon.
             The game lasted 00:15:14 (3915 turns).

pikapanic the Chopper (Demonspawn Gladiator)        Turns: 3915, Time: 00:15:15

Health: -1/33      AC: 10    Str: 13 (16) XL:     4   Next: 68%
Magic:  4/4        EV:  5    Int:  9      God:
Gold:   102        SH:  2    Dex:  9 (12) Spells: 1/3 levels left

rFire    . . .     SeeInvis +   a - +0 war axe
rCold    . . .     Faith    +   f - +0 buckler {reflect}
rNeg     . . .     Spirit   .   s - +0 chain mail
rPois    .         Reflect  +   c - +0 helmet
rElec    .         Harm     .   (no cloak)
rCorr    .         Rampage  .   (no gloves)
Will     .....                  i - +0 pair of boots
Stlth    ..........             h - amulet of faith
HPRegen  0.11/turn              r - ring of see invisible
MPRegen  0.09/turn              (no ring)

@: no status effects
A: hooves 2, clumsy 1
a: no special abilities


You were on level 5 of the Dungeon.
You visited 1 branch of the dungeon, and saw 5 of its levels.

You collected 198 gold pieces.
You spent 96 gold pieces at shops.

Inventory:

Hand Weapons
 a - a +0 war axe (weapon)
Missiles
 d - 3 throwing nets (quivered)
 q - 4 javelins
 v - 3 curare-tipped darts
Armour
 b - a +0 leather armour
 c - a +0 helmet (worn)
 f - a +0 buckler of reflection (worn)
 i - a +0 pair of boots (worn)
 s - a +0 chain mail (worn)
 x - a +0 scale mail
Jewellery
 h - an amulet of faith (around neck)
 m - a ring of poison resistance
 o - a ring of protection from cold
 r - a ring of see invisible (left hand)
Wands
 l - a wand of polymorph (1)
 w - a wand of paralysis (5)
Scrolls
 k - a scroll of amnesia
 u - a scroll of teleportation
Potions
 e - 2 potions of might
 g - a potion of curing {unknown}
 p - a potion of lignification {unknown}
 t - a potion of invisibility {unknown}


   Skills:
 - Level 2.3 Fighting
 + Level 4.2 Axes
 + Level 1.9 Throwing
 - Level 1.0 Armour
 - Level 3.1 Dodging
 - Level 0.3 Stealth


You had one spell level left.
You knew the following spells:

 Your Spells              Type           Power      Damage    Failure   Level
a - Ensorcelled Hibernat  Hex/Ice        0%         N/A       100%        2

Your spell library contained the following spells:

 Spells                   Type           Power      Damage    Failure   Level
 Corona                   Hex            0%         N/A       100%        1
 Sublimation of Blood     Necr           0%         N/A       100%        2
 Inner Flame              Hex/Fire       0%         N/A       100%        3
 Summon Guardian Golem    Hex/Summ       0%         N/A       100%        3
 Tukima's Dance           Hex            0%         N/A       100%        3
 Cause Fear               Hex            0%         N/A       100%        4
 Petrify                  Tmut/Erth      0%         N/A       100%        4
 Irradiate                Conj/Tmut      0%         3d13      100%        5
 Orb of Destruction       Conj           0%         N/A       100%        7
 Spellforged Servitor     Conj/Summ      0%         N/A       100%        7
 Discord                  Hex            0%         N/A       100%        8


Dungeon Overview and Level Annotations

Branches:
Dungeon (5/15)
 Temple: D:4-7

Altars:
Ashenzari
Vehumet

Shops:
D:3 !

Annotations:
D:5 Menkaure


Innate Abilities, Weirdness & Mutations

You have hoof-like feet.
You are clumsy. (Dex -2)


Message History

You open the door.
Found a stone staircase leading down.
You see here a +0 flail.
Found 15 gold pieces.
You now have 102 gold pieces (gained 9).
An iguana comes into view.
The iguana hisses angrily.
Found 8 gold pieces.
The iguana bites you.
You barely miss the iguana. The iguana bites you!
You barely miss the iguana. You block the iguana's attack.
The iguana bites you.
You barely miss the iguana.
The iguana bites you but does no damage.
You closely miss the iguana. The iguana bites you.
You hit the iguana but do no damage. The iguana bites you!
* * * LOW HITPOINT WARNING * * *
The iguana bites you but does no damage.
There is a stone staircase leading down here.
The iguana bites you but does no damage.
You climb downwards.
You hear the sound of rushing water.
There is an entrance to a sewer on this level.
Hurry and find it before the portal rusts away!
Menkaure, Prince of Dust comes into view.
Menkaure shouts!
Found 2 metallic coppery potions, 16 gold pieces and a scroll of teleportation.
There is a stone staircase leading up here.
As you read the scroll of fear, it crumbles to dust.
You assume a fearsome visage.
Menkaure is unaffected.
The iguana looks frightened!
Drop what? 22/52 slots (_ for help) (? for menu, Esc to quit)
Okay, then.
Drop what? 22/52 slots (_ for help) (? for menu, Esc to quit)
Okay, then.
Menkaure gestures wildly while chanting.
Menkaure seems to speed up.
You see here 2 metallic coppery potions.
Menkaure casts a spell at you. Pain shoots through your body!
You die...

......##.. ....
..... ...?. ...#
.....##..#
.....l...##
.....M....#
..$.......##
.......<.!@#
..................
#..####.......#...
# #########


You could see Menkaure (fast) and an iguana (fleeing).

Vanquished Creatures
  3 adders
  A dart slug (D:4)
  3 orcs
  3 bats (D:3)
  9 endoplasms
  2 giant cockroaches
  8 goblins
  7 hobgoblins
  9 jackals
  9 quokkas
  4 ball pythons
  2 frilled lizards (D:3)
  5 kobolds
  7 rats
72 creatures vanquished.

Notes
Turn   | Place    | Note
-------+----------+-------------------------------------------
     0 | D:1      | pikapanic the Demonspawn Gladiator began the quest for the
                  | Orb.
     0 | D:1      | Reached XP level 1. HP: 16/16 MP: 1/1
   625 | D:1      | Reached skill level 3 in Axes
   625 | D:1      | Gained mutation: You have large cloven feet. [demonic
                  | ancestry]
   625 | D:1      | Reached XP level 2. HP: 22/22 MP: 2/2
  1642 | D:2      | Gained mutation: You have hoof-like feet. [demonic
                  | ancestry]
  1642 | D:2      | Reached XP level 3. HP: 18/27 MP: 3/3
  2264 | D:3      | Found a radiant altar of Vehumet.
  2487 | D:3      | Learned a level 2 spell: Ensorcelled Hibernation
  2540 | D:3      | Reached XP level 4. HP: 29/33 MP: 4/4
  2808 | D:3      | Reached skill level 1 in Armour
  2859 | D:3      | Found Doocirou's Distillery.
  2862 | D:3      | Bought a potion of mutation for 96 gold pieces
  2862 | D:3      | Gained mutation: You are clumsy. (Dex -2) [potion of
                  | mutation]
  3344 | D:4      | Reached skill level 4 in Axes
  3384 | D:4      | Identified a scroll of acquirement
  3384 | D:4      | Acquired a +0 buckler of reflection
  3571 | D:4      | Found a broken altar of Ashenzari.
  3911 | D:5      | Entered Level 5 of the Dungeon
  3911 | D:5      | Noticed Menkaure
  3915 | D:5      | Killed from afar by Menkaure

Illustrated notes

Levels and vault maps discovered:
D:1:      psy_arrival_basics, layout_loops_ring, kennysheep_doodads
D:2:      layout_basic, grunt_decor_one_mirror, serial_park_tiny_2
D:3:      layout_loops_cross, mainiacjoe_overflow_six_doors_small, serial_shops,
          nicolae_shop_window_shopping, st_stairs_9, minmay_goblin_kobold_house
D:4:      layout_gridville, nicolae_ashenzari_skybound, minmay_starry_boxes
D:5:      layout_layer_cave, minmay_overflow_temple_star_quad,
          mainiacjoe_overflow_surrounded_room, minmay_temple_entry_offerings,
          ebering_ghost_gozag, portal_sewer_entry_e, uniq_crazy_yiuf_cottage,
          uniq_menkaure

Skill      XL: |  1  2  3  4 |
---------------+-------------+-----
Axes           | 3 4 |  4.2
Dodging        | 3 |  3.1
Armour         | 1 |  1.0
Fighting       | |  2.3
Throwing       | |  1.9
Stealth        | |  0.3

Action                   |  1- 3 |  4- 6 || total
-------------------------+-------+-------++-------
Melee: War axe           |   113 |    89 ||   202
       Unarmed           |     2 |       ||     2
  Use: Scroll            |       |     7 ||     7
       Potion            |       |     4 ||     4
 Stab: Sleeping          |     1 |       ||     1
Armor: Leather armour    |    54 |     2 ||    56
       Skin              |     5 |       ||     5
       Chain mail        |       |    77 ||    77
Dodge: Dodged            |   149 |    43 ||   192
Block: Buckler           |       |     2 ||     2
